 Dungeon Crawl Stone Soup version 0.27.1-4-g1640c2035a (webtiles) character file.

Game seed: 2352875841569481856

8533 Turgor the Grappler (level 11, -9/100 HPs)
             Began as a Ghoul Monk on Nov 1, 2021.
             Was a Priest of Makhleb.
             Mangled by a troll (11 damage)
             ... on level 9 of the Dungeon.
             The game lasted 01:28:19 (12937 turns).

Turgor the Grappler (Ghoul Monk)                   Turns: 12937, Time: 01:28:20

Health: -9/100     AC:  7    Str: 19    XL:     11   Next: 32%
Magic:  16/16      EV: 12    Int: 11    God:    Makhleb [***...]
Gold:   754        SH:  0    Dex: 11    Spells: 8/10 levels left

rFire    . . .     SeeInvis .     - Unarmed
rCold    + . .     Faith    .   (no shield)
rNeg     + + +     Spirit   .   e - +0 leather armour
rPois    ∞         Reflect  .   i - +1 helmet
rElec    .         Harm     .   (no cloak)
rCorr    .         Rampage  .   (no gloves)
Will     .....                  y - +1 pair of boots {Fly}
Stlth    ++........             (no amulet)
HPRegen  0.00/turn              b - +6 ring of intelligence
MPRegen  0.15/turn              (no ring)

@: flying, inhibited regen
A: claws 1, cold resistance 1, negative energy resistance 3, inhibited
regeneration, torment resistance 2
a: Renounce Religion, Minor Destruction, Lesser Servant of Makhleb


You were on level 9 of the Dungeon.
You worshipped Makhleb.
Makhleb was most pleased with you.
You visited 2 branches of the dungeon, and saw 10 of its levels.
You also visited: Ossuary and Bailey.

You collected 754 gold pieces.

Inventory:

Hand Weapons
 f - a +2 short sword of electrocution
 h - a +0 hunting sling
Missiles
 c - 224 stones
 j - 27 poisoned darts (quivered)
 m - 50 sling bullets
Armour
 e - a +0 leather armour (worn)
 i - a +1 helmet (worn)
 r - a +1 scale mail of willpower
 y - a +1 pair of boots of flying (worn)
Jewellery
 b - a +6 ring of intelligence (left claw)
 o - a ring of ice
Wands
 k - a wand of polymorph (9)
 v - a wand of iceblast (16)
 D - a wand of paralysis (1)
Scrolls
 a - 8 scrolls of teleportation
 l - 2 scrolls of magic mapping
 n - a scroll of blinking {unknown}
 p - a scroll of holy word {unknown}
 s - a scroll of vulnerability {unknown}
 t - a scroll of silence {unknown}
 u - 2 scrolls of amnesia
 w - 4 scrolls of enchant armour
 B - 2 scrolls of fog {unknown}
 E - 3 scrolls of summoning
 F - 6 scrolls of enchant weapon
 H - a scroll of acquirement
Potions
 d - 4 potions of flight
 g - 2 potions of heal wounds
 x - 3 potions of curing
 z - a potion of attraction
 A - a potion of lignification
 C - 3 potions of cancellation
 G - 3 potions of mutation {unknown}
 I - a potion of magic {unknown}
 J - a potion of brilliance {unknown}


   Skills:
 + Level 10.2 Fighting
 - Level 2.6 Dodging
 - Level 2.1 Stealth
 * Level 13.6 Unarmed Combat
 + Level 8.6 Invocations


You had 8 spell levels left.
You knew the following spells:

 Your Spells              Type           Power      Damage    Failure   Level
a - Animate Skeleton      Necr           0%         N/A       38%         1
b - Sting                 Tmut/Pois      0%         1d3       38%         1

Your spell library contained the following spells:

 Spells                   Type           Power      Damage    Failure   Level
 Pain                     Necr           0%         1d4       38%         1
 Poisonous Vapours        Pois/Air       0%         N/A       54%         2
 Gell's Gravitas          Tloc           0%         N/A       77%         3
 Inner Flame              Hex/Fire       0%         N/A       77%         3
 Lesser Beckoning         Tloc           0%         N/A       77%         3
 Teleport Other           Tloc           0%         N/A       77%         3
 Vampiric Draining        Necr           0%         2d6       77%         3
 Airstrike                Air            0%         N/A       99%         4
 Cause Fear               Hex            0%         N/A       99%         4
 Olgreb's Toxic Radiance  Pois           0%         N/A       99%         4
 Summon Lightning Spire   Summ/Air       0%         N/A       99%         4
 Lightning Bolt           Conj/Air       0%         1d11      100%        5
 Dispersal                Tloc           0%         N/A       100%        6
 Discord                  Hex            0%         N/A       100%        8


Dungeon Overview and Level Annotations

Branches:
Dungeon (9/15)             Temple (1/1) D:4         Ossuary (visited)
 Bailey (visited)
   Lair: D:8-11         Orc: D:9-12

Altars:
Ashenzari
Cheibriados
Dithmenos
Elyvilon
Fedhas
Gozag
Hepliaklqana
Kikubaaqudgha
Makhleb
Nemelex Xobeh
Okawaru
Qazlal
Ru
Sif Muna
Trog
Uskayaw
Vehumet
Wu Jian
Xom
Zin
The Shining One

Shops:
D:4 (

Annotations:
D:8 2 transporters, TheNamelessOne's ghost, novice TrFi


Innate Abilities, Weirdness & Mutations

You thrive by killing the living.
You are immune to poison.
You have sharp fingernails.
Your flesh is cold resistant. (rC+)
You are immune to negative energy. (rN+++)
You do not regenerate when monsters are visible.
You are immune to unholy pain and torment.


Message History

You mangle the hound!!
You kill the hound!
Makhleb accepts your kill.
You feel better.
The troll shouts!
A gnoll shaman comes into view. It is wielding a +0 whip.
You barely miss the troll.
The gnoll shaman calls upon its god to speed up something.
The troll bites you. The troll barely misses you. The troll claws you!
You hear a shout!
You claw the troll! You claw the troll, but do no damage.
The troll is heavily wounded.
You closely miss the troll. Your claw misses the troll.
The troll is heavily wounded.
The troll closely misses you. The troll claws you.
The troll closely misses you.
You completely miss the troll.
The troll is moderately wounded.
The troll bites you!
* * * LOW HITPOINT WARNING * * *
The troll closely misses you. The troll claws you.
* * * LOW HITPOINT WARNING * * *
You claw the troll!
The troll is severely wounded.
You closely miss the troll.
The troll is severely wounded.
The troll closely misses you. The troll completely misses you.
The troll closely misses you.
You barely miss the troll.
The troll is severely wounded.
The troll bites you.
* * * LOW HITPOINT WARNING * * *
The troll claws you but does no damage. The troll claws you!
* * * LOW HITPOINT WARNING * * *
You scratch the troll.
The troll is severely wounded.
The troll bites you!
* * * LOW HITPOINT WARNING * * *
The troll closely misses you. The troll claws you!
You die...

≈...≈......##.##...###
.≈≈≈≈....≈.##....###
≈≈≈≈.≈.≈≈..##..###
≈≈≈≈≈≈≈≈...##..#
≈≈≈≈≈≈≈≈....#†.#
≈.(≈;;.[...#
..((≈..##†.# .≈(≈≈(.
#T.# ..≈≈..( #@.#
≈.≈≈≈.. #..# ..≈≈≈..
#gg# . ≈≈≈≈... #).#
.!# ≈≈≈≈(.. #..#..#
#...# #........
......... .#######.(


You could see a troll, a gnoll shaman and a gnoll (fast).

Vanquished Creatures
  2 orc knights (Bailey)
  3 wraiths
  9 yaks (D:9)
  A steam dragon (D:9)
  2 water moccasins
  Edmund (D:6)
  2 ice beasts
  9 orc warriors (Bailey)
  2 sky beasts (D:6)
  3 black bears
  A hornet zombie (D:6)
  2 necrophages
  2 wolves (D:9)
  3 ogres
  A centaur (D:9)
  3 kobold brigands
  3 bullfrogs
  2 scorpions
  A water moccasin zombie (D:6)
  The ghost of ABBCCCDDDD the Sneak, a weakling HODe (D:6)
  11 wights
  An electric eel (D:9)
  A vampire bat (D:3)
  3 centaur zombies
  A bullfrog zombie (D:5)
  4 orc priests
  3 jellies
  A gnoll shaman (D:5)
  3 hounds
  A bullfrog skeleton (D:5)
  2 orc wizards
  A killer bee zombie (D:5)
  A hound skeleton (D:4)
  Robin (D:2)
  8 gnolls
  A howler monkey zombie (D:6)
  8 adders
  A white imp (D:6)
  An ufetubus (D:7)
  2 adder zombies (Ossuary)
  3 fire bats (D:3)
  24 orcs
  2 spectral bats (D:3)
  3 bat skeletons (D:3)
  A bat zombie (D:3)
  7 endoplasms
  7 giant cockroaches
  13 goblins
  7 hobgoblins
  6 jackals (D:1)
  2 quokkas
  3 ball pythons
  A ball python skeleton (Ossuary)
  12 bats
  A bat simulacrum (D:3)
  4 frilled lizards
  3 hobgoblin skeletons (Ossuary)
  A hobgoblin zombie (Ossuary)
  20 kobolds
  2 orc skeletons (Ossuary)
  An orc zombie (Ossuary)
  5 rats
236 creatures vanquished.

Vanquished Creatures (collateral kills)
  4 orc knights (Bailey)
  Psyche (D:9)
  An orc warrior (Bailey)
  10 orcs (Bailey)
16 creatures vanquished.

Grand Total: 252 creatures vanquished

Notes
Turn   | Place    | Note
-------+----------+-------------------------------------------
     0 | D:1      | Turgor the Ghoul Monk began the quest for the Orb.
     0 | D:1      | Reached XP level 1. HP: 19/19 MP: 0/0
   380 | D:1      | Reached XP level 2. HP: 26/26 MP: 1/1
   410 | D:1      | Learned a level 1 spell: Animate Skeleton
   450 | D:1      | Reached skill level 4 in Unarmed Combat
   634 | D:1      | Reached XP level 3. HP: 28/33 MP: 2/2
  1036 | D:2      | Found a faded altar of an unknown god.
  1061 | D:2      | Noticed Robin
  1071 | D:2      | Killed Robin
  1444 | D:2      | Reached XP level 4. HP: 29/40 MP: 3/3
  1720 | D:2      | Reached skill level 5 in Unarmed Combat
  2069 | D:2      | Reached XP level 5. HP: 44/47 MP: 4/4
  3084 | D:3      | Reached skill level 6 in Unarmed Combat
  3084 | D:3      | Reached XP level 6. HP: 54/55 MP: 5/5
  3293 | D:3      | Reached skill level 5 in Fighting
  3773 | D:4      | Noticed a black bear
  3782 | D:4      | Killed a black bear
  3783 | D:4      | Reached skill level 7 in Unarmed Combat
  3783 | D:4      | Reached XP level 7. HP: 61/61 MP: 6/6
  3828 | D:4      | Found a hide-covered altar of Uskayaw.
  4236 | D:4      | Found Kisorun's Antique Weapon Shoppe.
  4354 | D:4      | Found a staircase to the Ecumenical Temple.
  4363 | Temple   | Entered the Ecumenical Temple
  4397 | Temple   | Became a worshipper of Makhleb the Destroyer
  4397 | Temple   | Reached * piety under Makhleb
  4397 | Temple   | Reached ** piety under Makhleb
  4641 | D:4      | Found a bloodstained altar of Trog.
  4726 | D:5      | Entered Level 5 of the Dungeon
  4872 | D:5      | Found a shimmering blue altar of Sif Muna.
  4910 | D:5      | Reached skill level 1 in Invocations
  4936 | D:5      | Learned a level 1 spell: Sting
  5283 | D:5      | Reached skill level 8 in Unarmed Combat
  5355 | D:5      | Reached XP level 8. HP: 71/71 MP: 8/8
  5761 | D:6      | Found a runed translucent door.
  5944 | D:6      | Noticed ABBCCCDDDD's ghost (weakling HODe)
  5957 | D:6      | Reached skill level 9 in Unarmed Combat
  5963 | D:6      | Killed ABBCCCDDDD's ghost
  6067 | D:6      | Noticed Edmund
  6104 | D:6      | Killed Edmund
  6431 | D:6      | Reached XP level 9. HP: 79/79 MP: 11/11
  6508 | D:6      | Reached skill level 10 in Unarmed Combat
  6913 | D:6      | Reached skill level 5 in Invocations
  7235 | D:7      | Found a sacrificial altar of Ru.
  7583 | D:7      | Reached *** piety under Makhleb
  7926 | D:8      | Found a transporter.
  7934 | D:8      | Noticed a two-headed ogre
  7934 | D:8      | Noticed TheNamelessOne's ghost (novice TrFi)
  7937 | D:8      | Found a transporter.
  8017 | D:8      | Reached skill level 11 in Unarmed Combat
  8295 | D:8      | Found a sand-covered staircase.
  8313 | Ossuary  | Entered an ossuary
  8558 | Ossuary  | Reached XP level 10. HP: 69/90 MP: 13/13
  9359 | D:9      | Found an ancient bone altar of Kikubaaqudgha.
  9376 | D:9      | Reached **** piety under Makhleb
  9405 | D:9      | Found a flagged portal.
  9453 | Bailey   | Entered a bailey
  9998 | Bailey   | Reached skill level 12 in Unarmed Combat
 10284 | Bailey   | Noticed an orc knight
 10308 | Bailey   | Killed an orc knight
 10518 | Bailey   | Noticed an orc knight
 10564 | Bailey   | Killed an orc knight
 10902 | Bailey   | Noticed an orc knight
 11011 | Bailey   | Noticed an orc knight
 11576 | Bailey   | Killed an orc knight
 11637 | Bailey   | Noticed an orc knight
 11637 | Bailey   | Noticed an orc knight
 11641 | Bailey   | Killed an orc knight
 11648 | Bailey   | Killed an orc knight
 11653 | Bailey   | Killed an orc knight
 11654 | Bailey   | Reached skill level 13 in Unarmed Combat
 11654 | Bailey   | Reached XP level 11. HP: 55/99 MP: 15/15
 11950 | D:9      | Reached skill level 10 in Fighting
 11954 | D:9      | Noticed Psyche
 11969 | D:9      | Killed Psyche
 12937 | D:9      | HP: 2/100 [troll (10)]
 12937 | D:9      | Mangled by a troll

Illustrated notes

Levels and vault maps discovered:
D:1:      erik_arrival_orb_chamber, layout_loops_cross
D:2:      minmay_diamond_boxcup, layout_basic, ebering_ecumenical_altar_hall,
          uniq_robin
D:3:      layout_loops_cross, goddamned_bats
D:4:      layout_layer_cave, mainiacjoe_overflow_surrounded_room,
          nicolae_uskayaw_dance_hall, minmay_temple_entry_statues_fountains,
          minmay_shop_grid_forest, chequers_serial_rivers_micro_a
D:5:      layout_loops_ring, mainiacjoe_overflow_boulevard
D:6:      layout_loops_ring, zin_treasury, ebering_ghost_sewer_d, uniq_edmund
D:7:      layout_loops_ring, amcnicky_altar_gilded, due_unseen_surprise
D:8:      layout_basic, nicolae_ossuary_entry_ruins, serial_glass,
          glass_columns_a, glass_columns_b, glass_columns_c, glass_columns_c,
          glass_columns_a, glass_columns_a, glass_columns_a, glass_columns_c,
          gammafunk_ghost_arena
D:9:      minmay_the_grid_triangle_9x9_rhombus_thin_mashed
          [minmay_the_grid_triangle_9x9_warning,
          minmay_the_grid_triangle_9x9_prize_insulated,
          minmay_the_grid_triangle_9x9_sparse_checkered,
          minmay_the_grid_triangle_9x9_alien], layout_basic,
          nicolae_kikubaaqudgha_miasma_corner, erik_lair_island, enter_bailey_3,
          grunt_decor_junction, uniq_psyche
Temple:   compressed_dpeg_circular_temple

Skill      XL: |  1  2  3  4  5  6  7  8  9 10 11 |
---------------+----------------------------------+-----
Unarmed Combat | 4 5 6 7 8 9 11 13 | 13.6
Fighting       | 4 5 6 7 8 9 10 | 10.2
Invocations    | 2 4 6 7 8 |  8.6
Dodging        | |  2.6
Stealth        | |  2.1

Action                   |  1- 3 |  4- 6 |  7- 9 | 10-12 || total
-------------------------+-------+-------+-------+-------++-------
Melee: Unarmed           |   114 |   166 |   283 |   254 ||   817
       Punch             |     1 |     2 |     4 |    17 ||    24
 Fire: Hunting sling     |       |       |    72 |     1 ||    73
Throw: Stone             |    12 |       |     5 |     1 ||    18
       Dart              |       |    10 |    13 |    89 ||   112
       Throwing net      |       |       |       |     2 ||     2
 Cast: Animate Skeleton  |       |     1 |       |       ||     1
Invok: Lesser Servant of |       |       |       |    14 ||    14
       Major Destruction |       |       |       |     5 ||     5
       Minor Destruction |       |       |       |     2 ||     2
Evoke: Wand              |       |       |       |     4 ||     4
  Use: Scroll            |       |     3 |     5 |     4 ||    12
       Potion            |       |       |       |     1 ||     1
 Stab: Sleeping          |     5 |     4 |     4 |       ||    13
       Paralysed         |       |       |       |     5 ||     5
       Distracted        |       |       |       |     1 ||     1
Armor: Robe              |    10 |       |       |       ||    10
       Leather armour    |       |    66 |    49 |    31 ||   146
Dodge: Dodged            |    46 |   136 |   140 |   134 ||   456
